 Dungeon Crawl Stone Soup version 0.19-a0-1072-g3763c35 (webtiles) character file.

29 Paddstamp the Sneak (level 3, -8/27 HPs)
             Began as a Human Assassin on Aug 5, 2016.
             Mangled by a gnoll
             ... wielding a +0 flail
              (10 damage)
             ... on level 3 of the Dungeon.
             The game lasted 00:27:18 (2457 turns).

Paddstamp the Sneak (Human Assassin)                Turns: 2457, Time: 00:27:19

Health: -8/27      AC:  8    Str: 11    XL:     3   Next: 32%
Magic:  4/4        EV:  9    Int: 11    God:
Gold:   63         SH:  0    Dex: 15    Spells: 0 memorised, 4 levels left

rFire  . . .     SeeInvis .     a - +2 dagger
rCold  . . .     Gourm    .     t - +0 scale mail
rNeg   . . .     Faith    .     (no shield)
rPois  .         Spirit   .     (no helmet)
rElec  .         Dismiss  .     d - +0 cloak
rCorr  .         Reflect  .     m - +0 pair of gloves
SustAt .         Harm     .     (no boots)
MR     .....                    (no amulet)
Stlth  +.........               (no ring)
                                (no ring)

@:
A: no striking features
a: no special abilities


You were on level 3 of the Dungeon.
You were not hungry.

You visited 1 branch of the dungeon, and saw 3 of its levels.

You collected 63 gold pieces.

Inventory:

Hand Weapons
 a - a +2 dagger (weapon)
 b - a +0 blowgun
 h - a +0 whip
 n - a +0 short sword
 r - a +0 short sword
 s - a +0 spear
 u - a +0 club
 x - a +0 short sword
 B - a +0 club
 C - a +0 trident
 D - a +0 club
Missiles
 e - 8 poisoned needles
 f - 2 curare-tipped needles
 i - 31 arrows
 o - 68 stones (quivered)
 y - 12 bolts
Armour
 c - a +0 robe
 d - a +0 cloak (worn)
 m - a +0 pair of gloves (worn)
 q - a +0 robe
 t - a +0 scale mail (worn)
 w - a +0 cloak
Potions
 k - a potion of curing {unknown}
 l - a potion of berserk rage {unknown}
 p - a potion of degeneration {unknown}
Comestibles
 g - 4 bread rations
 j - a meat ration
 v - a slice of pizza
 z - a beef jerky
 A - a chunk of flesh


   Skills:
 - Level 2.0 Fighting
 - Level 2.0 Short Blades
 + Level 0.4 Maces & Flails
 + Level 0.4 Polearms
 + Level 2.0 Throwing
 + Level 1.4 Dodging
 - Level 4.4 Stealth
 * Level 1.0 Spellcasting


You had 4 spell levels left.
You didn't know any spells.

Dungeon Overview and Level Annotations

Branches:
Dungeon (3/15)

Altars:


Message History

You completely miss the gnoll.
The gnoll is lightly wounded.
The gnoll hits you with a flail. x2
You hit the gnoll but do no damage.
The gnoll is lightly wounded.
The gnoll hits you but does no damage. The gnoll completely misses you.
You barely miss the gnoll.
The gnoll is lightly wounded.
The gnoll barely misses you.
You closely miss the gnoll.
The gnoll is lightly wounded.
The gnoll closely misses you. The gnoll hits you with a flail.
* * * LOW HITPOINT WARNING * * *
The gnoll hits you but does no damage.
You hit the gnoll.
The gnoll is lightly wounded.
The gnoll hits you with a flail.
* * * LOW HITPOINT WARNING * * *
The gnoll hits you with a flail!
You die...

#.# #.#..........#
#.#..........#
.............#
#.##.........#
#.##.........# #.#
#.##.##.........# #.#
#.##.##.ggg..#+#####
####'###.##.##..@#..#.....
.........##.##...#.#.....
.. .........##.##...#
....#....
........<##.##...#
#........
.........##.##..†###.###
.............'...'.....#
..(.....###.##...###.#.#
........# #.###### #.#...
........# #.# #.#...#


You could see 3 gnolls.

Vanquished Creatures
  A worm (D:3)
  A dart slug (D:1)
  2 ball pythons
  5 bats
  A giant cockroach (D:1)
  A goblin (D:3)
  4 hobgoblins
  2 giant newts
  4 kobolds
  3 rats (D:2)
24 creatures vanquished.

Notes
Turn   | Place    | Note
-------+----------+-------------------------------------------
     0 | D:1      | Paddstamp the Human Assassin began the quest for the Orb.
     0 | D:1      | Reached XP level 1. HP: 16/16 MP: 1/1
     8 | D:1      | Noticed a human
     9 | D:1      | Noticed a gargoyle
    31 | D:1      | Noticed a dwarf
    31 | D:1      | Noticed a merfolk
    35 | D:1      | Noticed a minotaur
    87 | D:1      | Noticed an ogre
    87 | D:1      | Noticed a formicid
    89 | D:1      | Noticed a halfling
    89 | D:1      | Noticed a spriggan
    91 | D:1      | Noticed a ghoul
    93 | D:1      | Noticed a felid
    93 | D:1      | Noticed an elf
    95 | D:1      | Noticed an octopode
    97 | D:1      | Noticed a vampire
    97 | D:1      | Noticed a centaur
    99 | D:1      | Noticed a demigod
    99 | D:1      | Noticed a tengu
   101 | D:1      | Noticed a troll
   101 | D:1      | Noticed a naga
   103 | D:1      | Noticed a draconian
   103 | D:1      | Noticed a demonspawn
   105 | D:1      | Noticed a vine stalker
   219 | D:1      | Upgraded the game from 0.19-a0-1068-g99dd0f4 to 0.19-a0-1072-g3763c35
   532 | D:1      | Reached XP level 2. HP: 14/22 MP: 2/2
  1047 | D:2      | Found a faded altar of an unknown god.
  2057 | D:3      | Reached XP level 3. HP: 27/27 MP: 3/3
  2418 | D:3      | Reached skill level 1 in Spellcasting
  2457 | D:3      | Mangled by a gnoll

Vault maps used:
D:1:      kb_arrival_jail
D:2:      gammafunk_temple_overflow_pools, ecumenical_altar_1, first_bread,
          serial_bayou_crossing, uniq_crazy_yiuf_cottage
D:3:      old_standard_altar, uniq_robin

Skill      XL: |  1  2  3 |
---------------+----------+-----
Spellcasting   | 1 |  1.0
Fighting       | |  2.0
Short Blades   | |  2.0
Maces & Flails | |  0.4
Polearms       | |  0.4
Throwing       | |  2.0
Dodging        | |  1.4
Stealth        | |  4.4

Action                   || total
-------------------------++-------
Melee: Dagger            ||    73
Throw: Stone             ||     4
  Use: Scroll            ||     5
 Stab: Sleeping          ||     3
  Eat: Meat ration       ||     1
       Beef jerky        ||     1
Armor: Robe              ||    33
       Scale mail        ||     6
Dodge: Dodged            ||    70
